 Dungeon Crawl Stone Soup version 0.30.1-11-g7821555f0a (webtiles) character file.

Game seed: 3422534576183765563

112 Maksimilyamn the Shooter (level 4, 0/34 HPs)
             Began as a Minotaur Hunter on Dec 24, 2023.
             Slain by Ijyb
             ... wielding a +2 dagger of speed
              (4 damage)
             ... on level 4 of the Dungeon.
             The game lasted 00:08:20 (2395 turns).

Maksimilyamn the Shooter (Minotaur Hunter)          Turns: 2395, Time: 00:08:21

Health: 0/34       AC:  6    Str: 15    XL:     4   Next: 63%
Magic:  3/3        EV: 10    Int:  6    God:
Gold:   166        SH:  0    Dex: 14    Spells: 0/3 levels left

rFire   . . .        a - +0 shortbow
rCold   . . .        (shield currently unavailable)
rNeg    . . .        j - +0 scale mail
rPois   .            (helmet restricted)
rElec   .            (no cloak)
rCorr   .            (no gloves)
SInv    .            (no boots)
Will    .....        l - amulet of the acrobat Stlth
                     (no ring)
HPRegen 0.25/turn    (no ring)
MPRegen 0.08/turn

%: acrobat
@: no status effects
A: horns 2, retaliatory headbutt, frail 1, weak 1
a: no special abilities


You were on level 4 of the Dungeon.
You visited 1 branch of the dungeon, and saw 4 of its levels.

You collected 166 gold pieces.

Inventory:

Hand Weapons
 a - a +0 shortbow (weapon)
 g - a +0 short sword
 p - the +9 mace of Purpose {heavy, *Slow rCorr Dex+3 SInv}
   (You found it on level 2 of the Dungeon)

   Dex:       It affects your dexterity (+3).
   SInv:      It lets you see invisible.
   rCorr:     It protects you from acid and corrosion.
   *Slow:     It may slow you when you take damage.
Missiles
 o - a throwing net
Armour
 c - a +0 leather armour
 j - a +0 scale mail (worn)
Jewellery
 l - an amulet of the acrobat (around neck)
Wands
 m - a wand of iceblast (5)
Scrolls
 b - a scroll of immolation
 h - a scroll of identify
 i - 2 scrolls of noise
 n - a scroll of enchant armour
Potions
 d - a potion of lignification
 f - a potion of berserk rage
 q - a potion of might {unknown}


   Skills:
 + Level 3.3 Fighting
 + Level 6.0 Ranged Weapons
 + Level 0.6 Armour
 + Level 2.3 Dodging
 + Level 1.0 Stealth
 + Level 0.5 Transmutations


You couldn't memorise any spells.
You knew the following spells:

 Your Spells              Type           Power      Damage    Failure   Level
a - Poisonous Vapours     Pois/Air       0%         N/A       97%         2
b - Sting                 Tmut/Pois      0%         1d3       88%         1

Your spell library contained the following spells:

 Spells                   Type           Power      Damage    Failure   Level
 Foxfire                  Conj/Fire      0%         2x1d4     90%         1
 Olgreb's Toxic Radiance  Pois           0%         N/A       100%        4
 Fireball                 Conj/Fire      0%         3d3       100%        5
 Plasma Beam              Fire/Air       0%         2x1d11    100%        6
 Starburst                Conj/Fire      0%         6d3       100%        6
 Discord                  Hex            0%         N/A       100%        8
 Ignition                 Fire           0%         3d3       100%        8


Dungeon Overview and Level Annotations

Branches:
Dungeon (4/15)
 Temple: D:4-7

Altars:
Nemelex Xobeh

Annotations:
D:4 Ijyb


Innate Abilities, Weirdness & Mutations

You have a pair of horns on your head.
You reflexively headbutt those who attack you in melee.
You are frail. (-10% HP)
You are weak. (Str -2)


Message History

The adder bites you.
* * * LOW HITPOINT WARNING * * *
The adder bites you but does no damage.
You shoot an arrow. The arrow hits the adder!
You kill the adder!
Fire: a) +0 shortbow
Press: ? - help, Q - select action, (/) - cycle Shift-Dir - straight line, f - Ijyb
Aim: Ijyb, wielding a +2 dagger of speed, wearing a +0 leather armour and carrying a wand of digging (1) (moderately wounded, 56% to hit)
You shoot an arrow. The arrow hits Ijyb but does no damage.
Ijyb is moderately wounded.
Fire: a) +0 shortbow
Press: ? - help, Q - select action, (/) - cycle Shift-Dir - straight line, f/p - Ijyb
Aim: Ijyb, wielding a +2 dagger of speed, wearing a +0 leather armour and carrying a wand of digging (1) (moderately wounded, 56% to hit)
You shoot an arrow. The arrow barely misses Ijyb.
Ijyb zaps a wand.
You hear a grinding noise.
The now-empty wand crumbles to dust.
Fire: a) +0 shortbow
Press: ? - help, Q - select action, (/) - cycle Shift-Dir - straight line, f/p - Ijyb
Aim: Ijyb, wielding a +2 dagger of speed and wearing a +0 leather armour (moderately wounded, 56% to hit)
You shoot an arrow. The arrow hits Ijyb.
Ijyb is moderately wounded.
Fire: a) +0 shortbow
Press: ? - help, Q - select action, (/) - cycle Shift-Dir - straight line, f/p - Ijyb
Aim: Ijyb, wielding a +2 dagger of speed and wearing a +0 leather armour (moderately wounded, 56% to hit)
You shoot an arrow. The arrow hits Ijyb!
Ijyb is severely wounded.
You shoot an arrow. The arrow closely misses Ijyb.
Ijyb screams, "Me very upset!"
Ijyb barely misses you. Ijyb closely misses you.
You shoot an arrow. The arrow closely misses Ijyb.
Ijyb hits you but does no damage. x2
You shoot an arrow. The arrow closely misses Ijyb.
Ijyb barely misses you.
Ijyb hits you with a +2 dagger of speed.
* * * LOW HITPOINT WARNING * * *
You shoot an arrow. The arrow misses Ijyb.
Ijyb hits you with a +2 dagger of speed.
* * * LOW HITPOINT WARNING * * *
Ijyb hits you with a +2 dagger of speed.
You die...

### ###
#.#################.#
#...................#
##.#################.####
#......... ....)........
#..####### ########.####
#..##########.### #.# ###
#.#..#...#@........ #.#
.... #.#).#(#.#g#......#
#.# ....#
#.#..#...#.#......# #.#
....###.#......#........#
#..
......#.#......#.#......#
#..
....#.#........#.#......#
.............#...........
...........###.#.#(.....#
.......#.......#.#......


You could see Ijyb.

Vanquished Creatures
  3 adders
  3 gnolls (D:2)
  A worm (D:2)
  2 dart slugs
  2 orcs
  4 bats
  6 endoplasms
  2 giant cockroaches (D:1)
  9 hobgoblins
  2 quokkas
  3 ball pythons
  2 frilled lizards
  4 kobolds
  4 rats
47 creatures vanquished.

Notes
Turn   | Place    | Note
-------+----------+-------------------------------------------
     0 | D:1      | Maksimilyamn the Minotaur Hunter began the quest for the
                  | Orb.
     0 | D:1      | Reached XP level 1. HP: 18/18 MP: 0/0
   426 | D:1      | Reached XP level 2. HP: 22/25 MP: 1/1
   470 | D:1      | Reached skill level 5 in Ranged Weapons
   718 | D:2      | Reached skill level 1 in Stealth
   718 | D:2      | Reached XP level 3. HP: 28/30 MP: 2/2
   784 | D:2      | Found a faded altar of an unknown god.
   818 | D:2      | Identified the +9 mace of Purpose {heavy, *Slow rCorr Dex+3
                  | SInv}
   833 | D:2      | Gained mutation: You are frail. (-10% HP) [potion of
                  | mutation]
   833 | D:2      | Gained mutation: You are weak. (Str -2) [potion of
                  | mutation]
  1761 | D:3      | Reached XP level 4. HP: 22/34 MP: 3/3
  1888 | D:3      | Learned a level 2 spell: Poisonous Vapours
  1893 | D:3      | Learned a level 1 spell: Sting
  2046 | D:3      | Reached skill level 6 in Ranged Weapons
  2181 | D:4      | Found a sparkling altar of Nemelex Xobeh.
  2346 | D:4      | Noticed Ijyb
  2395 | D:4      | Slain by Ijyb

Illustrated notes

Levels and vault maps discovered:
D:1:      heliophobic_arrival_ceremonial_halls, layout_loops_ring,
          serial_park_tiny_pond
D:2:      layout_basic, shapermc_ecumenical_altar_venn
D:3:      layout_rooms
D:4:      layout_basic, mainiacjoe_overflow_24_doors,
          nicolae_dithmenos_the_darkroom, uniq_ijyb, uniq_edmund

Skill      XL: |  1  2  3  4 |
---------------+-------------+-----
Ranged Weapons | 5 6 |  6.0
Stealth        | 1 |  1.0
Fighting       | 3 |  3.3
Armour         | |  0.6
Dodging        | |  2.3
Transmutations | |  0.5

Action                     |  1- 3 |  4- 6 || total
---------------------------+-------+-------++-------
  Melee: Short sword       |    10 |       ||    10
         Headbutt          |     3 |       ||     3
         Punch             |     1 |       ||     1
   Fire: Shortbow          |    77 |    55 ||   132
    Use: Scroll            |     5 |     5 ||    10
         Potion            |     5 |     1 ||     6
 Armour: Leather armour    |     7 |       ||     7
         Scale mail        |       |    19 ||    19
  Dodge: Dodged            |    22 |    16 ||    38
